 Dungeon Crawl Stone Soup version 0.30-a0-424-g7412bad402 (webtiles) character file.

Game seed: 11980480599296484097

47 cforsyth the Poker (level 3, -1/33 HPs)
             Began as a Minotaur Berserker on Dec 10, 2022.
             Was a Follower of Trog.
             Slain by a gnoll
             ... wielding a +0 flail
              (13 damage)
             ... on level 2 of the Dungeon.
             The game lasted 00:00:51 (674 turns).

cforsyth the Poker (Minotaur Berserker)              Turns: 674, Time: 00:00:52

Health: -1/33      AC:  2    Str: 23    XL:     3   Next: 48%
Magic:  2/2        EV: 12    Int:  4    God:    Trog [*.....]
Gold:   33         SH:  0    Dex:  9    Spells: 2/2 levels left

rFire   . . .      SeeInvis .    a - +0 spear
rCold   . . .      Faith    .    (no shield)
rNeg    . . .      Spirit   .    b - +0 animal skin
rPois   .          Reflect  .    (helmet restricted)
rElec   .          Harm     .    (no cloak)
rCorr   .          Rampage  .    (no gloves)
Will    .....                    (no boots)
Stlth   +.........               (no amulet)
HPRegen 0.25/turn                (no ring)
MPRegen 0.08/turn                (no ring)

@: no status effects
A: horns 2, retaliatory headbutt
a: Renounce Religion, Berserk


You were on level 2 of the Dungeon.
You worshipped Trog.
Trog was aware of your devotion.
You visited 1 branch of the dungeon, and saw 2 of its levels.

You collected 33 gold pieces.

Inventory:

Hand Weapons
 a - a +0 spear (weapon)
Armour
 b - a +0 animal skin (worn)
Jewellery
 f - a +4 ring of evasion
Scrolls
 c - 2 scrolls of identify {unknown}
 g - a scroll of butterflies {unknown}
Potions
 d - 2 potions of lignification {unknown}
 e - a potion of curing {unknown}


   Skills:
 + Level 4.1 Fighting
 + Level 4.2 Polearms
 + Level 3.1 Armour
 + Level 2.9 Dodging


You had 2 spell levels left.
You didn't know any spells.
Your spell library was empty.

Dungeon Overview and Level Annotations

Branches:
Dungeon (2/15)

Altars:


Innate Abilities, Weirdness & Mutations

You have a pair of horns on your head.
You reflexively headbutt those who attack you in melee.


Message History

You have reached level 3!
Your experience leads to an increase in your attributes!
Increase (S)trength, (I)ntelligence, or (D)exterity?
You feel stronger. x2
You feel sick.
You feel sick.
You feel sick.
You feel sick.
You are no longer poisoned.
HP restored.
A gnoll and an endoplasm come into view.
The gnoll shouts!
The endoplasm quivers.
A gnoll comes into view. It is wielding a +0 flail.
The gnoll moves out of view.
The gnoll shouts!
You hear a shout!
A gnoll comes into view. It is wielding a +0 flail.
You reach to attack!
You hit the gnoll.
The gnoll is moderately wounded.
You barely miss the gnoll. Your headbutt misses the gnoll.
The gnoll is moderately wounded.
The gnoll misses you.
You barely miss the gnoll. You headbutt the gnoll!
You kill the gnoll!
Trog accepts your kill. The gnoll hits you with a +0 club.
You hit the gnoll. You headbutt the gnoll.
The gnoll is heavily wounded.
The gnoll closely misses you.
You hit the gnoll but do no damage.
The gnoll is heavily wounded.
The endoplasm jiggles.
The gnoll hits you with a +0 club! The gnoll barely misses you.
You furiously retaliate!
You headbutt the gnoll. You barely miss the gnoll.
Your headbutt misses the gnoll.
The gnoll is heavily wounded.
The endoplasm freezes you.
You are frozen.
The gnoll hits you with a +0 club! The gnoll hits you with a +0 flail!
You die...

.## ... .. .. #. ..
#.#.###.# #.#.#<..
.. #.#.#gg##.# #
#.#...@.#.#.#
###......J#...#
..............###
#####...#.......J..
................##.
####....######....
#. #....# ### #.
#..).# ##. #....#


You could see 2 gnolls and an endoplasm.

Vanquished Creatures
  An adder (D:2)
  A gnoll (D:2)
  3 dart slugs (D:1)
  3 bats (D:1)
  A giant cockroach (D:1)
  A goblin (D:1)
  2 hobgoblins (D:1)
  3 jackals (D:1)
  4 ball pythons (D:1)
  A frilled lizard (D:1)
  A kobold (D:2)
  2 rats (D:1)
23 creatures vanquished.

Notes
Turn   | Place    | Note
-------+----------+-------------------------------------------
     0 | D:1      | cforsyth the Minotaur Berserker began the quest for the
                  | Orb.
     0 | D:1      | Reached XP level 1. HP: 19/19 MP: 0/0
    35 | D:1      | Found a faded altar of an unknown god.
   167 | D:1      | Reached XP level 2. HP: 24/27 MP: 1/1
   597 | D:2      | Reached XP level 3. HP: 20/33 MP: 2/2
   674 | D:2      | Slain by a gnoll

Illustrated notes

Levels and vault maps discovered:
D:1:      dpeg_arrival_stone_temple_mockup, layout_rooms,
          shapermc_ecumenical_altar_gd
D:2:      layout_basic, uniq_robin

Skill      XL: |  1  2 |
---------------+-------+-----
Polearms       | 4 |  4.2
Fighting       | 4 |  4.1
Armour         | 3 |  3.1
Dodging        | |  2.9

Action                   || total
-------------------------++-------
Melee: Spear             ||    48
       Headbutt          ||     6
       Punch             ||     2
Armor: Animal skin       ||     7
Dodge: Dodged            ||    27

Table legend: (Time is in decaauts)
 A = Elapsed time spent in this place.
 B = Non-inter-level travel time spent in this place.
 C = Inter-level travel time spent in this place.
 D = Time resting spent in this place.
 E = Time spent auto-exploring this place.
 F = Levels seen in this place.
 G = Mean time per level.
                   A        B        C        D        E       F      G
               +--------+--------+--------+--------+--------+-----+--------+
         Total |    669 |    659 |     10 |      0 |    570 |   2 |  334.5 |
       Dungeon |    669 |    659 |     10 |      0 |    570 |   2 |  334.5 |
               +--------+--------+--------+--------+--------+-----+--------+

Top non-repeatable levels by time:
     D:1: 545 daAuts
     D:2: 124 daAuts
